Map: Lightshade LE

Players

Dido

  • Race: Zerg Zerg
  • League: Master
  • Spawn Location: 5:00

Nordres - Winner!

  • Race: Zerg Zerg
  • League: Master
  • Spawn Location: 11:00

VOD

Have the link to the VOD?

Description

Time

  • Played on: Jan. 28, 2021, 6:14 a.m.
  • Length: 8:51
Show
View Real Time Build Order
Export as new Build Order

Dido Zerg 

Build Orders: Hatch First 

Get SALT Encoding   

  12  0:01  Drone  
  13  0:12  Overlord  
  13  0:19  Drone  
  14  0:33  Drone x2  
  16  0:49  Hatchery  
  15  0:53  Drone  
  15  0:55  Drone  
  17  1:00  Drone  
  17  1:04  Extractor  
  17  1:15  Spawning Pool  
  16  1:19  Drone  
  16  1:22  Drone  
  18  1:28  Drone  
  19  1:40  Drone  
  20  1:50  Overlord  
  20  2:02  Queen x2  
  20  2:04  Zergling x4  
  26  2:16  Drone x2  
  26  2:21  Metabolic Boost  
  28  2:28  Drone x2  
  30  2:37  Hatchery  
  29  2:50  Baneling Nest  
  28  2:53  Drone x2  
  30  2:59  Drone x4  
  34  3:07  Spore Crawler  
  34  3:13  Overlord  
  34  3:14  Drone x2  
  37  3:20  Evolution Chamber, Roach Warren  
  37  3:23  Drone  
  36  3:32  Lair  
  36  3:46  Drone  
  36  3:47  Drone x4  
  36  3:48  Drone, Overlord  
  42  3:51  Zerg Missile Weapons Level 1  
  42  4:03  Drone, Extractor  
  42  4:04  Drone x6, Extractor  
  47  4:11  Overlord  
  47  4:30  Glial Reconstitution  
  47  4:33  Drone x3  
  47  4:34  Drone x4  
  47  4:35  Drone x2  
  56  4:39  Roach x4  
  56  4:43  Overlord  
  64  4:45  Overlord  
  64  4:55  Spine Crawler  
  64  4:59  Roach  
  65  5:02  Roach  
  65  5:04  Roach  
  65  5:05  Roach x4  
  76  5:12  Roach  
  76  5:13  Roach x2  
  82  5:18  Overlord x2  
  82  5:21  Overlord  
  78  5:30  Roach x4  
  75  5:36  Roach x3  
  75  5:42  Roach x2  
  79  5:43  Zergling x2  
  79  5:46  Roach  
  79  5:48  Roach  
  68  5:57  Roach x3  
  68  6:04  Roach  
  68  6:05  Roach x2  
  73  6:13  Roach x3  
  75  6:21  Roach x2  
  71  6:26  Roach x2  
  71  6:31  Roach  
  69  6:37  Roach  
  69  6:38  Roach  
  69  6:39  Queen  
  73  6:41  Roach  
  73  6:44  Roach  
  71  6:54  Drone x6  
  75  7:10  Drone  
  75  7:11  Drone x5  
  75  7:13  Extractor  
  80  7:20  Roach x4  
  80  7:21  Roach x2  
  92  7:29  Roach x3  
  98  7:42  Evolution Chamber  
  98  7:44  Overlord x3  
  97  7:48  Overlord  
  97  7:50  Extractor  
  96  7:52  Drone  
  96  7:53  Drone  
  98  7:59  Extractor  
  98  8:01  Drone  
  98  8:02  Drone x2  
  98  8:04  Drone x2  
  104  8:05  Roach  
  104  8:06  Roach x3  
  110  8:16  Roach  
  110  8:17  Roach x2  
  113  8:30  Roach x3  
Show
View Real Time Build Order
Export as new Build Order

Nordres Zerg - Winner!

Build Orders: Hatch First 

Get SALT Encoding   

  12  0:00  Drone  
  13  0:12  Overlord  
  13  0:17  Drone  
  14  0:30  Drone x2  
  16  0:48  Hatchery  
  15  0:52  Drone  
  15  0:55  Drone  
  17  0:59  Drone  
  18  1:10  Extractor  
  17  1:14  Spawning Pool  
  17  1:17  Drone  
  17  1:20  Drone  
  18  1:27  Drone  
  19  1:38  Drone  
  20  1:49  Drone  
  21  2:00  Overlord  
  21  2:01  Drone  
  21  2:03  Queen x2  
  26  2:11  Zergling x2, Drone  
  28  2:22  Drone x2  
  30  2:33  Overlord  
  30  2:35  Drone  
  31  2:39  Evolution Chamber  
  30  2:48  Roach Warren  
  30  2:49  Evolution Chamber  
  28  2:51  Queen  
  28  2:53  Drone, Lair  
  28  2:54  Drone  
  31  3:09  Drone x4  
  35  3:14  Zerg Missile Weapons Level 1  
  35  3:18  Drone x3  
  38  3:20  Overlord  
  38  3:33  Extractor  
  37  3:34  Drone x2  
  37  3:35  Extractor  
  38  3:43  Drone  
  38  3:44  Drone x3  
  38  3:45  Drone x3  
  45  3:50  Glial Reconstitution  
  45  3:54  Drone x3  
  48  4:03  Overlord  
  48  4:07  Roach  
  50  4:16  Roach  
  52  4:19  Overlord x3  
  52  4:24  Roach x4  
  62  4:38  Roach x2  
  62  4:39  Roach  
  66  4:46  Roach x2  
  70  4:53  Roach x3  
  70  4:57  Roach  
  70  4:58  Roach x3  
  84  5:11  Overlord x2  
  84  5:21  Hatchery  
  83  5:31  Roach x8  
  93  5:39  Roach x3  
  85  5:56  Roach  
  85  5:57  Roach x4  
  87  6:08  Roach x2  
  87  6:13  Roach x2  
  87  6:18  Roach x3  
  89  6:24  Roach  
  89  6:25  Roach x3  
  93  6:32  Roach x2  
  85  6:42  Roach x2  
  83  6:50  Roach  
  83  6:51  Roach x5  
  93  6:58  Drone  
  93  6:59  Drone x3, Extractor  
  96  7:04  Roach  
  98  7:11  Roach x3  
  104  7:34  Overlord x4  
  104  7:36  Roach  
  106  7:44  Overseer  
  108  7:58  Roach x2  
  108  7:59  Roach x5  
  120  8:11  Roach x6  
  132  8:21  Drone x6  
  132  8:22  Overlord x3  
Tags
 
Add a new tag
Caveats
  • Supply blocks, unpowered buildings, or Contaminate may cause inaccurate times.
  • Supply counts are checked every 10 seconds.